 Dungeon Crawl Stone Soup version 0.28-a0-1117-g0bdd5ba030 (webtiles) character file.

Game seed: 17027650480268806058

28 bearlyready the Insei (level 3, 0/26 HPs)
             Began as a Merfolk Transmuter on Dec 11, 2021.
             Succumbed to an adder's poison
             ... on level 2 of the Dungeon.
             The game lasted 00:01:49 (1293 turns).

bearlyready the Insei (Merfolk Transmuter)          Turns: 1293, Time: 00:01:50

Health: 0/26       AC:  2    Str:  8 (10) XL:     3   Next: 12%
Magic:  4/6        EV: 12    Int: 13 (14) God:
Gold:   22         SH:  0    Dex: 12 (14) Spells: 3/6 levels left

rFire   . . .      SeeInvis .     - Unarmed
rCold   . . .      Faith    .   (no shield)
rNeg    . . .      Spirit   .   a - +0 robe
rPois   .          Reflect  .   (helmet currently unavailable)
rElec   .          Harm     +   e - scarf {harm}
rCorr   .          Rampage  .   (no gloves)
Will    .....                   (boots currently unavailable)
Stlth   +.........              (no amulet)
HPRegen 0.08/turn               (no ring)
MPRegen 0.10/turn               (no ring)

@: lethally poisoned (0 -> -16), appendages, very slightly contaminated
A: horns 2, (nimble swimmer 2), mertail
a: End Transformation


You were on level 2 of the Dungeon.
You had temporarily grown beastly horns.
You visited 1 branch of the dungeon, and saw 2 of its levels.

You collected 22 gold pieces.

Inventory:

Missiles
 b - 114 stones
Armour
 a - a +0 robe (worn)
 c - a +1 hat (melded)
 e - a scarf of harm (worn)
Scrolls
 f - a scroll of teleportation {unknown}
Potions
 g - a potion of mutation {unknown}


   Skills:
 - Level 1.1 Fighting
 - Level 2.6 Dodging
 + Level 4.0 Unarmed Combat
 - Level 2.0 Spellcasting
 + Level 3.8 Transmutations


You had 3 spell levels left.
You knew the following spells:

 Your Spells              Type           Power      Damage    Failure   Level
a - Beastly Appendage     Tmut           22%        N/A       5%          1
b - Wereblood             Tmut           11%        N/A       9%          2

Your spell library contained the following spells:

 Spells                   Type           Power      Damage    Failure   Level
 Spider Form              Tmut/Pois      6%         N/A       34%         3
 Ice Form                 Ice/Tmut       6%         N/A       75%         4


Dungeon Overview and Level Annotations

Branches:
Dungeon (2/15)

Altars:

Shops:
D:1 ?


Innate Abilities, Weirdness & Mutations

You have temporarily grown beastly horns.
((You are quick and stealthy near water. (Stealth+, EV+, Speed+++)))
Your lower body shifts to a powerful aquatic tail in water.


Message History

Casting: Beastly Appendage (safe; 4% risk of failure)
Confirm with . or Enter, or press ? or * to list all spells.
You miscast Beastly Appendage.
You are very lightly contaminated with residual magic.
Nothing appears to happen.
The adder hisses angrily.
An endoplasm comes into view.
Casting: Beastly Appendage (safe; 4% risk of failure)
Confirm with . or Enter, or press ? or * to list all spells.
You grow a pair of large bovine horns.
Your +1 hat melds into your body.
The endoplasm quivers.
The adder barely misses you.
You closely miss the adder. The adder bites you.
You are poisoned.
The adder poisons you!
You closely miss the adder.
You feel sick. The adder bites you.
You hit the adder.
The adder is heavily wounded.
You feel sick. The adder barely misses you. The endoplasm freezes you.
You are frozen.
You hit the adder. You headbutt the adder.
The adder is severely wounded.
You feel sick. The adder bites you.
You are more poisoned.
The adder poisons you!
You closely miss the adder. Your headbutt misses the adder.
The adder is severely wounded.
You feel sick. The adder bites you but does no damage.
The endoplasm freezes you.
You are frozen.
* * * LOW HITPOINT WARNING * * *
The adder bites you.
* * * LOW HITPOINT WARNING * * *
You are more poisoned.
The adder poisons you!
It was a potion of degeneration.
There was something very wrong with that liquid.
You feel weakened.
You feel dopey.
You feel clumsy.
You die...

.# .## ... . . .. .##.
..###.#######....
.......#.......#
##..JS.......#
#..$.@.......#
#....#.......#.. .##
#....##......... ....##
###..#............
#...##....###..........
.##....#....##...........
.......<..#....#..##.....
........#......#..# .....
###.......###..#..# #...


You could see an adder and an endoplasm.

Vanquished Creatures
  2 bats (D:1)
  An endoplasm (D:1)
  2 hobgoblins (D:1)
  4 jackals (D:1)
  3 quokkas (D:1)
  4 ball pythons (D:1)
  3 frilled lizards (D:1)
  5 kobolds (D:1)
  2 rats
26 creatures vanquished.

Notes
Turn   | Place    | Note
-------+----------+-------------------------------------------
     0 | D:1      | bearlyready the Merfolk Transmuter began the quest for the
                  | Orb.
     0 | D:1      | Reached XP level 1. HP: 15/15 MP: 3/3
     1 | D:1      | Found a faded altar of an unknown god.
   278 | D:1      | Reached XP level 2. HP: 5/21 MP: 3/5
   552 | D:1      | Learned a level 2 spell: Wereblood
  1019 | D:1      | Reached XP level 3. HP: 26/26 MP: 6/6
  1022 | D:1      | Reached skill level 4 in Unarmed Combat
  1114 | D:1      | Found Useo's Magic Scroll Shop.
  1293 | D:2      | Succumbed to an adder's poison

Illustrated notes

Levels and vault maps discovered:
D:1:      dpeg_arrival_fog, layout_basic, ebering_ecumenical_altar_mist,
          serial_shops, shop
D:2:      layout_rooms, eino_tiny_chamber

Skill      XL: |  1  2  3 |
---------------+----------+-----
Transmutations | 3 |  3.8
Unarmed Combat | 4 |  4.0
Fighting       | |  1.1
Dodging        | |  2.6
Spellcasting   | |  2.0

Action                   || total
-------------------------++-------
Melee: Unarmed           ||    86
       Headbutt          ||     8
       Punch             ||     2
 Cast: Beastly Appendage ||     8
  Use: Potion            ||     1
 Stab: Sleeping          ||     2
Armor: Robe              ||    20
Dodge: Dodged            ||    52

Table legend: (Time is in decaauts)
 A = Elapsed time spent in this place.
 B = Non-inter-level travel time spent in this place.
 C = Inter-level travel time spent in this place.
 D = Time resting spent in this place.
 E = Time spent auto-exploring this place.
 F = Levels seen in this place.
 G = Mean time per level.
                   A        B        C        D        E       F      G
               +--------+--------+--------+--------+--------+-----+--------+
         Total |   1287 |   1251 |     36 |      5 |    948 |   2 |  643.5 |
       Dungeon |   1287 |   1251 |     36 |      5 |    948 |   2 |  643.5 |
               +--------+--------+--------+--------+--------+-----+--------+

Top non-repeatable levels by time:
     D:1: 1263 daAuts
     D:2: 23 daAuts
